 Dungeon Crawl Stone Soup version 0.31-a0-455-g1a7b003ef0 (webtiles) character file.

Game seed: 7727908161150574323

845 jasper the Stinger (level 7, -12/53 HPs)
             Began as a Demonspawn Venom Mage on Aug 3, 2023.
             Mangled by an ogre
             ... wielding a +0 giant spiked club
              (25 damage)
             ... on level 5 of the Dungeon.
             The game lasted 00:07:30 (5393 turns).

jasper the Stinger (Demonspawn Venom Mage)          Turns: 5393, Time: 00:07:31

Health: -12/53     AC:  2    Str:  8    XL:     7   Next: 68%
Magic:  10/13      EV: 13    Int: 18    God:
Gold:   135        SH:  0    Dex: 14    Spells: 4/14 levels left

rFire   . . .        n - +2 rapier of Subjectivity {drain, rC+}
rCold   + . .        (no shield)
rNeg    . . .        a - +0 robe
rPois   .            (helmet restricted)
rElec   .            (no cloak)
rCorr   .            (no gloves)
SInv    .            (no boots)
Will    .....        (no amulet)
Stlth   ++           (no ring)
HPRegen 0.28/turn    (no ring)
MPRegen 0.13/turn

%: no passive effects
@: no status effects
A: horns 2, demonic guardian 1
a: no special abilities


You were on level 5 of the Dungeon.
You visited 1 branch of the dungeon, and saw 5 of its levels.

You collected 280 gold pieces.
You spent 145 gold pieces at shops.

Inventory:

Hand Weapons
 d - a +0 short sword
 n - the +2 rapier of Subjectivity (weapon) {drain, rC+}
   (You found it on level 3 of the Dungeon)

   rC:        It protects you from cold.
Armour
 a - a +0 robe (worn)
 i - a +0 buckler
 j - an orb of mayhem
 s - a +1 leather armour of cold resistance
Talismans
 c - a beast talisman
Scrolls
 g - a scroll of amnesia {unknown}
 k - 2 scrolls of teleportation {unknown}
 o - a scroll of fog {unknown}
 q - a scroll of enchant armour {unknown}
 t - a scroll of poison {unknown}
Potions
 b - 2 potions of magic
 e - 3 potions of heal wounds {unknown}
 f - 2 potions of might {unknown}
 h - a potion of degeneration {unknown}
 l - a potion of curing {unknown}
 m - 2 potions of mutation {unknown}
 p - a potion of resistance {unknown}
 r - a potion of cancellation {unknown}
 u - a potion of brilliance {unknown}


   Skills:
 + Level 3.7 Fighting
 + Level 4.0 Dodging
 - Level 1.7 Stealth
 - Level 4.0 Spellcasting
 - Level 0.8 Transmutations
 - Level 6.1 Poison Magic


You had 4 spell levels left.
You knew the following spells:

 Your Spells              Type           Power      Damage    Failure   Level
a - Sting                 Tmut/Pois      64%        1d6       3%          1
b - Poisonous Vapours     Pois/Air       28%        N/A       6%          2
c - Mephitic Cloud        Conj/Pois/Air  10%        N/A       19%         3
d - Olgreb's Toxic Radia  Pois           25%        N/A       12%         4

Your spell library contained the following spells:

 Spells                   Type           Power      Damage    Failure   Level
 Freeze                   Ice            12%        1d3       14%         1
 Frozen Ramparts          Ice            6%         1d1       41%         3
 Hailstorm                Conj/Ice       3%         3d3       41%         3
 Ozocubu's Armour         Ice            3%         N/A       41%         3
 Ozocubu's Refrigeration  Ice            1%         4d7       100%        7


Dungeon Overview and Level Annotations

Branches:
Dungeon (5/15)
 Temple: D:4-7

Altars:
Xom

Shops:
D:4 [

Annotations:
D:4 1 runed translucent door, cforsyth's ghost, amateur GnAr


Innate Abilities, Weirdness & Mutations

You have a pair of horns on your head.
A weak demonic guardian rushes to your aid.


Message History

Casting: Olgreb's Toxic Radiance (quite dangerous; 12% risk of failure)
Confirm with . or Enter, or press ? or * to list all spells.
The spell is quite dangerous to miscast (12% risk of failure)!
Continue anyway?
Really poison near your ufetubus?
You begin to radiate toxic energy.
The ogre is poisoned.
Your ufetubus is poisoned.
The ufetubus is poisoned.
The gnoll is poisoned. x2
Your ufetubus looks even sicker.
The gnoll looks even sicker.
The ufetubus misses you. The ufetubus hits you. The gnoll misses you.
Your ufetubus misses the ufetubus.
Your ufetubus barely misses the ufetubus.
The ufetubus closely misses you. The ufetubus hits you.
You take 4 damage, and have 30/53 hp.
You now have 8/13 mp.
The ufetubus looks even sicker.
Your ufetubus hits the ufetubus.
The ufetubus dies!
The gnoll hits you with a +0 spear.
You take 5 damage, and have 25/53 hp.
You hit the gnoll.
The gnoll is severely wounded.
The ogre looks even sicker.
You kill your ufetubus!
Your ufetubus disappears in a puff of smoke!
The gnoll looks even sicker.
Your toxic aura wanes.
You kill the gnoll! x2
The angel hits itself with a +1 whip of holy wrath!
The angel hits itself but does no damage.
Your Dodging skill increases to level 4!
There is an open door here.
There is an open door, spattered with blood here.
The ogre attacks as you move away!
The ogre hits you with a +0 giant spiked club!
* * * LOW HITPOINT WARNING * * *
You take 16 damage, and have 11/53 hp.
MASSIVE DAMAGE!!
Okay, then.
You barely miss the ogre.
The ogre is severely wounded.
The sentinel's mark upon you fades away.
The ogre hits you with a +0 giant spiked club!!
You die...

.. ###### ###' #....# ....
#....# .... #....# .... #...>#
##..##########....######
.....##................#
._......#......[.......#
####....'......O@......####+#.
...#..'##.....................
...#)).#.....#######'##.......
...#...#.....#.....'..#.......
####...#.....#.....#..#.......
._!....+.....+.....#..#####+#.
....^###.....#...###### ...
..... ...#'###...###..##...
.........#.. #.............


You could see an ogre (poisoned).

Vanquished Creatures
  Eustachio (D:4)
  Menkaure (D:4)
  2 ice beasts (D:5)
  A scorpion (D:4)
  A jelly (D:5)
  An iguana (D:3)
  An orc wizard (D:4)
  Natasha (thrice) (D:2)
  Terence (D:2)
  3 gnolls (D:5)
  3 adders
  2 ufetubi (D:5)
  A worm (D:4)
  A dart slug (D:4)
  8 orcs
  6 endoplasms
  6 giant cockroaches
  5 goblins
  9 hobgoblins
  6 kobolds
  3 quokkas
  3 ball pythons
  8 bats
  A frilled lizard (D:3)
  3 rats
80 creatures vanquished.

Vanquished Creatures (collateral kills)
  An ufetubus (D:5)
1 creature vanquished.

Grand Total: 81 creatures vanquished

Notes
Turn   | Place    | Note
-------+----------+-------------------------------------------
     0 | D:1      | jasper the Demonspawn Venom Mage began the quest for the
                  | Orb.
     0 | D:1      | Reached XP level 1. HP: 13/13 MP: 3/3
   339 | D:1      | Gained mutation: You have a pair of small horns on your
                  | head. [demonic ancestry]
   339 | D:1      | Reached XP level 2. HP: 13/19 MP: 1/5
   348 | D:1      | Learned a level 2 spell: Poisonous Vapours
   718 | D:2      | Noticed Natasha
   722 | D:2      | Killed Natasha
   723 | D:2      | Reached skill level 4 in Poison Magic
   723 | D:2      | Gained mutation: You have a pair of horns on your head.
                  | [demonic ancestry]
   723 | D:2      | Reached XP level 3. HP: 15/24 MP: 0/6
   729 | D:2      | Learned a level 3 spell: Mephitic Cloud
  1236 | D:2      | Noticed Natasha
  1243 | D:2      | Killed Natasha
  1244 | D:2      | Reached skill level 5 in Poison Magic
  1244 | D:2      | Reached XP level 4. HP: 25/30 MP: 0/7
  1346 | D:2      | Noticed Natasha
  1349 | D:2      | Noticed Terence
  1357 | D:2      | Killed Natasha
  1381 | D:2      | Killed Terence
  1598 | D:2      | Reached XP level 5. HP: 25/35 MP: 0/8
  2368 | D:3      | Identified the +2 rapier of Subjectivity {drain, rC+}
  2574 | D:3      | Reached skill level 6 in Poison Magic
  3736 | D:4      | Learned a level 4 spell: Olgreb's Toxic Radiance
  3779 | D:4      | Noticed Menkaure
  3785 | D:4      | Killed Menkaure
  3786 | D:4      | Reached skill level 1 in Fighting
  3786 | D:4      | Reached XP level 6. HP: 32/43 MP: 9/11
  3846 | D:4      | Noticed Eustachio
  3868 | D:4      | Killed Eustachio
  3869 | D:4      | Gained mutation: A weak demonic guardian rushes to your
                  | aid. [demonic ancestry]
  3869 | D:4      | Reached XP level 7. HP: 44/50 MP: 3/12
  3970 | D:4      | Found Lega's Antique Armour Shoppe.
  3973 | D:4      | Bought a dyed leather armour for 145 gold pieces
  4521 | D:4      | Found a runed translucent door.
  4522 | D:4      | Noticed cforsyth's ghost (amateur GnAr)
  4724 | D:5      | Entered Level 5 of the Dungeon
  5107 | D:5      | Identified the +9 dagger "Impslayer" {spect, *Rage rElec
                  | Will+}
  5351 | D:5      | Found a shimmering altar of Xom.
  5352 | D:5      | Noticed an angel
  5393 | D:5      | Mangled by an ogre

Illustrated notes

Levels and vault maps discovered:
D:1:      shiori_arrival_maze, layout_rooms, dreamdust_princess_bridge
D:2:      layout_loops_corners, minmay_tromino_i2, uniq_natasha, uniq_terence
D:3:      layout_loops_corners
D:4:      minmay_diamond_boxcup, layout_basic, serial_shops,
          nicolae_shop_behind_doors, gammafunk_ghost_grave, uniq_menkaure,
          uniq_eustachio
D:5:      layout_gridville, grunt_temple_overflow_order_and_chaos_1

Skill      XL: |  1  2  3  4  5  6  7 |
---------------+----------------------+-----
Poison Magic   | 4 5 6 |  6.1
Spellcasting   | 3 4 |  4.0
Fighting       | 1 2 3 |  3.7
Dodging        | 2 4 |  4.0
Stealth        | |  1.7
Transmutations | |  0.8

Action                     |  1- 3 |  4- 6 |  7- 9 || total
---------------------------+-------+-------+-------++-------
  Melee: Short sword       |    11 |     4 |       ||    15
         Headbutt          |     1 |     6 |     2 ||     9
         Rapier            |       |    15 |    15 ||    30
   Cast: Sting             |    21 |    67 |    35 ||   123
         Poisonous Vapours |    12 |    21 |     7 ||    40
         Olgreb's Toxic Ra |       |       |     4 ||     4
  Evoke: Wand              |       |     3 |     1 ||     4
   Stab: Sleeping          |     1 |       |       ||     1
 Armour: Robe              |     3 |    17 |    12 ||    32
  Dodge: Dodged            |    10 |    33 |    40 ||    83

Table legend: (Time is in decaauts)
 A = Elapsed time spent in this place.
 B = Non-inter-level travel time spent in this place.
 C = Inter-level travel time spent in this place.
 D = Time resting spent in this place.
 E = Time spent auto-exploring this place.
 F = Levels seen in this place.
 G = Mean time per level.
                   A        B        C        D        E       F      G
               +--------+--------+--------+--------+--------+-----+--------+
         Total |   5396 |   5342 |     54 |     66 |   4656 |   5 | 1079.2 |
       Dungeon |   5396 |   5342 |     54 |     66 |   4656 |   5 | 1079.2 |
               +--------+--------+--------+--------+--------+-----+--------+

Top non-repeatable levels by time:
     D:2: 1586 daAuts
     D:3: 1281 daAuts
     D:4: 1148 daAuts
     D:1: 710 daAuts
     D:5: 669 daAuts
